details: 'ud vs orc'

« prev index next »

General information

Mini Map

Players

team 1
Undeadjaydesjohnny (pink | 253 APM | 7208 actions | 28:29)
Hero icon 4 Death Knight
Ability icon 2 Death Coil
Ability icon 2 Unholy Aura
Hero icon 4 Lich
Ability icon 2 Frost Armor
Ability icon 2 Frost Nova
Hero icon 3 Crypt Lord
Ability icon 2 Impale
Ability icon 1 Spiked Carapace

» actions
Assign group hotkey79
Basic commands233
Build / train100
Enter build submenu19
Enter hero's abilities submenu13
Give item / drop item1
Remove unit from queue11
Right click2778
Select / deselect917
Select group hotkey2880
Use ability177
7208 total
» units
Acolyte2
Ghoul4
Crypt Fiend11
Obsidian Statue4
Banshee11
Abomination2
34 total
» upgrades
Burrow1
Destroyer Form1
Creature Attack1
Banshee Training1
4 total
» buildings
Altar of Darkness1
Crypt2
Ziggurat7
Tomb of Relics1
Graveyard2
Nerubian Tower3
Halls of the Dead2
Slaughterhouse1
Black Citadel4
Temple of the Damned1
24 total
» build order
00:05 Altar of Darkness
00:06 Crypt
00:09 Crypt
00:24 Ziggurat
01:04 Tomb of Relics
02:01 Graveyard
02:14 Graveyard
02:20 Nerubian Tower
02:20 Nerubian Tower
02:57 Halls of the Dead
02:58 Halls of the Dead
03:06 Ziggurat
04:05 Ziggurat
05:28 Slaughterhouse
07:28 Black Citadel
07:28 Black Citadel
07:28 Black Citadel
07:56 Ziggurat
13:25 Temple of the Damned
14:07 Ziggurat
14:09 Ziggurat
15:19 Ziggurat
» items
Rod of Necromancy6
Dust of Appearance3
Orb of Corruption3
Potion of Healing2
Scroll of Town Portal3
17 total
team 2
OrcJugandoEbrio (yellow | 108 APM | 3068 actions | 28:27)
Hero icon 5 Blademaster
Ability icon 3 Wind Walk
Ability icon 2 Critical Strike
Hero icon 3 Shadow Hunter
Ability icon 1 Hex
Ability icon 2 Healing Wave

» actions
Assign group hotkey54
Basic commands226
Build / train91
ESC pressed5
Enter build submenu20
Enter hero's abilities submenu9
Give item / drop item8
Remove unit from queue1
Right click980
Select / deselect649
Select group hotkey858
Use ability166
3068 total
» units
Peon14
Grunt5
Raider9
Spirit Walker1
Kodo Beast4
Troll Witch Doctor1
Troll Headhunter/Berserker2
36 total
» upgrades
Ensnare1
Spirit Walker Training1
Armor2
Reinforced Defenses1
War Drums Damage Increase1
Shaman Training1
Berserker Upgrade1
Pillage1
9 total
» buildings
Altar of Storms1
Orc Burrow5
Voodoo Lounge1
Barracks2
Stronghold1
Beastiary1
Spirit Lodge1
War Mill1
Fortress1
Great Hall2
Watch Tower4
20 total
» build order
00:07 Altar of Storms
00:16 Orc Burrow
01:03 Voodoo Lounge
01:20 Barracks
01:41 Orc Burrow
03:07 Stronghold
03:48 Orc Burrow
05:58 Beastiary
05:59 Spirit Lodge
06:04 War Mill
07:45 Orc Burrow
11:00 Fortress
11:56 Great Hall
13:28 Watch Tower
14:40 Great Hall
15:53 Watch Tower
17:05 Barracks
19:31 Orc Burrow
21:17 Watch Tower
22:04 Watch Tower
» items
Healing Salve9
Lesser Clarity Potion5
Scroll of Speed2
Circlet of Nobility1
Boots of Speed1
Potion of Mana1
Scroll of Town Portal2
Potion of Lesser Invulnerability1
Scroll of Healing1
Scroll of Protection1
Orb of Lightning1
Tiny Great Hall1
26 total